 Dungeon Crawl Stone Soup version 0.28.0-43-g3370ac3207 (webtiles) character file.

Game seed: 7807342772836350041

397 Faeu the Covered (level 6, -4/56 HPs)
             Began as a Minotaur Fighter on Mar 22, 2022.
             Was an Initiate of Ashenzari.
             Slain by a scorpion (7 damage)
             ... on level 5 of the Dungeon.
             The game lasted 00:14:11 (3868 turns).

Faeu the Covered (Minotaur Fighter)                 Turns: 3868, Time: 00:14:12

Health: -4/56      AC:  8    Str: 23    XL:     6   Next: 53%
Magic:  5/5        EV:  9    Int:  7    God:    Ashenzari [......]
Gold:   217        SH:  5    Dex: 13    Spells: 5/5 levels left

rFire   . . .      SeeInvis .   r - +1 mace (drain) {mace}
rCold   + . .      Faith    .   c - +0 buckler
rNeg    . . .      Spirit   .   b - +0 scale mail
rPois   .          Reflect  .   (helmet restricted)
rElec   .          Harm     .   q - +0 cloak
rCorr   .          Rampage  .   (no gloves)
Will    .....                   (no boots)
Stlth   +.........              (no amulet)
HPRegen 0.18/turn               v - ring of protection from cold
MPRegen 0.09/turn               (no ring)

@: mighty, lethally poisoned (-4 -> -14)
A: horns 2, retaliatory headbutt, thin skeletal structure 1, agile 1, clever 1
a: Renounce Religion, Curse Item


You were on level 5 of the Dungeon.
You worshipped Ashenzari.
Ashenzari was noncommittal.
You visited 1 branch of the dungeon, and saw 5 of its levels.

You collected 217 gold pieces.


Innate Abilities, Weirdness & Mutations

You have a pair of horns on your head.
You reflexively headbutt those who attack you in melee.
You have a somewhat thin skeletal structure. (Dex +2, Stealth+)
You are agile. (Dex +2)
Your mind is acute. (Int +2)


   Skills:
 + Level 5.4 Fighting
 + Level 4.6 Long Blades
 + Level 5.4 Armour
 + Level 5.4 Shields


You had 5 spell levels left.
You didn't know any spells.
Your spell library contained the following spells:

 Spells                   Type           Power      Damage    Failure   Level
 Portal Projectile        Hex/Tloc       0%         N/A       99%         3
 Summon Guardian Golem    Hex/Summ       0%         N/A       99%         3
 Blade Hands              Tmut           0%         N/A       100%        5
 Excruciating Wounds      Necr           0%         N/A       100%        5
 Orb of Destruction       Conj           0%         9d5       100%        7
 Spellforged Servitor     Conj/Summ      0%         N/A       100%        7

Inventory:

Hand Weapons
 a - a +0 long sword {long}
 r - a +1 mace of draining (weapon) {mace}
   (You found it on level 3 of the Dungeon)
 t - a +1 dagger of freezing {short}
   (You took it off a goblin on level 3 of the Dungeon)
Missiles
 y - 2 boomerangs (quivered) {throwing}
 z - 2 poisoned darts {throwing}
Armour
 b - a +0 scale mail (worn)
 c - a +0 buckler (worn)
 q - a +0 cloak (worn)
   (You found it on level 3 of the Dungeon)
Jewellery
 v - a ring of protection from cold (left hand)
   (You took it off a kobold on level 4 of the Dungeon)
 A - a ring of wizardry
   (You found it on level 5 of the Dungeon)
Wands
 w - a wand of flame (19)
   (You found it on level 4 of the Dungeon)
Scrolls
 f - 2 scrolls of immolation {unknown}
 h - 5 scrolls of identify {unknown}
 i - 3 scrolls of teleportation {unknown}
 k - 2 scrolls of magic mapping {unknown}
 l - 3 scrolls of fog {unknown}
 m - a scroll of vulnerability {unknown}
 n - 2 scrolls of noise {unknown}
 x - a scroll of fear {unknown}
Potions
 d - a potion of might
 e - a potion of heal wounds {unknown}
 g - a potion of magic
 j - a potion of attraction {unknown}
 o - a potion of mutation {!q}
 p - a potion of curing {unknown}
 s - a potion of lignification {unknown}
 B - a potion of haste {unknown}
 C - a potion of berserk rage {unknown}

Dungeon Overview and Level Annotations

Branches:
Dungeon (5/15)
 Temple: D:4-7

Altars:
Ashenzari

#.## #..## ##.......##
#####...####.......>.#
...........+.........+
#####...####.........#
#..## #.......# #.##
#.....# #.# #.s.# #.#
#@# #.# #l# #.#
###Y#### #......#
###### #####.###
+.##..# #..'...#
#..##...## ##.##...#
....##..#. #..#...##
.....##...##.##...#


You could see an ice beast, a scorpion and an iguana (drained).


Message History

You block the ufetubus's attack. You block the ice beast's attack.
The ufetubus hits you but does no damage.
The ufetubus hits you.
You block the ice beast's attack. 😕 HP[-4]
You take 4 damage, and now have 52/56 hp.
You completely miss the ufetubus. Your headbutt misses the ufetubus.
The ufetubus closely misses you. You block the ufetubus's attack.
The ufetubus barely misses you.
The ufetubus hits you but does no damage.
The ice beast hits you but does no damage.
You barely miss the ufetubus. The ufetubus barely misses you.
The ufetubus closely misses you. The ice beast barely misses you.
The ufetubus hits you but does no damage.
The ufetubus hits you. 😕 HP[-1]
You take 1 damage, and now have 51/56 hp.
You hit the ufetubus.
You kill the ufetubus!
You block the ice beast's attack.
The ice beast hits you but does no damage.
The iguana closely misses you.
You closely miss the iguana. You block the ice beast's attack.
The iguana bites you! 😮 HP[-10]
You take 10 damage, and now have 41/56 hp.
You barely miss the iguana.
The ice beast hits you but does no damage.
The iguana barely misses you. The ice beast hits you.
The ice beast freezes you. You resist. The iguana bites you!
* * * LOW HITPOINT WARNING * * *
😨 HP[-17]
You take 17 damage, and now have 24/56 hp.
MASSIVE DAMAGE!! (PAUSE) 😨 HP[+1]
The iguana bites you.
* * * LOW HITPOINT WARNING * * *
😨 HP[-6]
You take 6 damage, and now have 19/56 hp.
There is an open door here. 😨 HP[+1]
You barely miss the ice beast. The ice beast hits you.
* * * LOW HITPOINT WARNING * * *
The ice beast freezes you. You resist.
* * * LOW HITPOINT WARNING * * *
😱 HP[-6]
You take 6 damage, and now have 14/56 hp.
Aiming: Throw Flame
Press: ? - help, Shift-Dir - straight line, f - ice beast
Aim: an ice beast (68% to hit)
The puff of flame hits the ice beast.
The ice beast closely misses you. You furiously retaliate!
You headbutt the ice beast.
You block the quokka's attack. 😨 HP[+1] It was a potion of magic.
Magic courses through your body. The quokka bites you.
* * * LOW HITPOINT WARNING * * *
😱 HP[-3]
You take 3 damage, and now have 12/56 hp.
It was a potion of mutation.
You feel extremely strange.
Your bones become slightly less dense.
You feel agile.
You feel clever. You block the quokka's attack.
Okay, then.
Okay, then.
Throw: throwing net {=f!fthrowing}
Press: ? - help, Q - select action, (/) - cycle Shift-Dir - straight line, f/p - ice beast
Aim: an ice beast (moderately wounded, 59% to hit)
You throw a throwing net {=f!fthrowing}.
The throwing net {=f!fthrowing} barely misses the quokka.
The throwing net {=f!fthrowing} hits the ice beast.
The ice beast is caught in the net!
The quokka barely misses you.
The ice beast struggles against the net.
You block the quokka's attack.
You open the door.
The ice beast struggles against the net.
The quokka bites you but does no damage. 😱 HP[+1]
A scorpion comes into view.
The ice beast struggles against the net.
There is an open door here.
You hit the quokka. You drain the quokka.
You kill the quokka!
The ice beast struggles against the net.
The net rips apart, and the ice beast comes free!
You hit the iguana but do no damage. You drain the iguana.
The iguana barely misses you. The iguana completely misses you.
You feel very mighty all of a sudden.
The iguana bites you but does no damage.
You closely miss the iguana. The scorpion stings you.
* * * LOW HITPOINT WARNING * * *
You are lethally poisoned!
The scorpion poisons you! You block the iguana's attack.
The scorpion stings you but does no damage. 😱 HP[-5]
You take 5 damage, and now have 8/56 hp.
You hit the scorpion. Your headbutt misses the scorpion.
* * * LOW HITPOINT WARNING * * *
You feel very sick. You block the iguana's attack. The scorpion stings you!
You die...

Skill      XL: |  1  2  3  4  5 |
---------------+----------------+-----
Fighting       | 4 5 |  5.4
Shields        | 4 5 |  5.4
Armour         | 4 5 |  5.4
Long Blades    | 3 4 |  4.6

Action                   |  1- 3 |  4- 6 || total
-------------------------+-------+-------++-------
Melee: Long sword        |    68 |    55 ||   123
       Headbutt          |     9 |    19 ||    28
       Dagger            |       |    28 ||    28
       Mace              |       |    38 ||    38
Throw: Throwing net      |       |     1 ||     1
Evoke: Wand              |       |     1 ||     1
  Use: Potion            |       |     3 ||     3
Armor: Scale mail        |    26 |    63 ||    89
Dodge: Dodged            |    27 |    62 ||    89
Block: Buckler           |     8 |    38 ||    46

Levels and vault maps discovered:
D:1:      arrival_zaba_pyramid, layout_loops_ring, basic_ecumenical_altar
D:2:      layout_basic
D:3:      layout_basic, kennysheep_generic_room_8
D:4:      layout_loops_ring, minmay_circle_x
D:5:      minmay_razor_zed, layout_loops_corners,
          nemelex_xobeh_ov_fountains_minmay, biasface_ghost_orc_armoury,
          chequers_garden

Notes
Turn   | Place    | Note
-------+----------+-------------------------------------------
     0 | D:1      | Faeu the Minotaur Fighter began the quest for the Orb.
     0 | D:1      | Reached XP level 1. HP: 19/19 MP: 0/0
     0 | D:1      | magus.rc [v1.9.6]
   344 | D:1      | Found a faded altar of an unknown god.
   348 | D:1      | Prayed at the altar of an unknown god.
   348 | D:1      | Became a worshipper of Ashenzari the Shackled
   679 | D:2      | Reached XP level 2. HP: 27/27 MP: 1/1
   740 | D:2      | Reached skill level 4 in Fighting
   764 | D:2      | Reached skill level 4 in Shields
   798 | D:2      | Reached skill level 4 in Armour
   895 | D:2      | Reached skill level 3 in Long Blades
   964 | D:2      | You pick up a book of Dangerous Friends and begin
                  | reading...
   964 | D:2      | You add the spells Summon Guardian Golem, Orb of
                  | Destruction and Spellforged Servitor to your library.
  1029 | D:2      | Reached XP level 3. HP: 33/33 MP: 2/2
  1576 | D:3      | Reached XP level 4. HP: 41/41 MP: 3/3
  2521 | D:4      | Reached XP level 5. HP: 31/47 MP: 4/4
  2973 | D:4      | magus.rc [v1.9.6]
  3194 | D:4      | Noticed a centaur
  3202 | D:4      | Killed a centaur
  3203 | D:4      | Reached skill level 5 in Fighting
  3203 | D:4      | Reached skill level 4 in Long Blades
  3203 | D:4      | Reached skill level 5 in Armour
  3203 | D:4      | Reached skill level 5 in Shields
  3522 | D:5      | Entered Level 5 of the Dungeon
  3571 | D:5      | Reached XP level 6. HP: 54/56 MP: 5/5
  3781 | D:5      | You pick up a book of Weapons and begin reading...
  3781 | D:5      | You add the spells Portal Projectile, Excruciating Wounds
                  | and Blade Hands to your library.
  3836 | D:5      | Noticed an ice beast
  3854 | D:5      | HP: 14/56 [ice beast (4)]
  3859 | D:5      | HP: 12/56 [quokka (3)]
  3860 | D:5      | Gained mutation: You have a somewhat thin skeletal
                  | structure. (Dex +2, Stealth+) [potion of mutation]
  3860 | D:5      | Gained mutation: You are agile. (Dex +2) [potion of
                  | mutation]
  3860 | D:5      | Gained mutation: Your mind is acute. (Int +2) [potion of
                  | mutation]
  3867 | D:5      | HP: 8/56 [scorpion (6)]
  3868 | D:5      | HP: 3/56 [poisoned by a scorpion]
  3868 | D:5      | Slain by a scorpion

Vanquished Creatures
  A centaur (D:4)
  A water moccasin skeleton (D:5)
  A bullfrog zombie (D:5)
  A jelly (D:4)
  A bullfrog skeleton (D:5)
  An iguana (D:4)
  An orc wizard (D:3)
  3 adders
  A shadow imp (D:5)
  An ufetubus (D:5)
  2 adder skeletons
  A worm (D:3)
  2 dart slugs
  7 orcs
  4 endoplasms
  2 giant cockroaches
  6 hobgoblins
  5 quokkas
  8 ball pythons
  3 bats
  4 frilled lizards
  8 goblins
  6 kobolds
  4 rats
74 creatures vanquished.

Table legend:
 A = Non-vault XP
 B = Vault XP
 C = Vault XP percentage of total XP
 D = Non-vault monster count
 E = Vault monster count
 F = Vault count percentage of total count
                 A         B        C        D         E       F
            +---------+---------+-------+---------+---------+-------
      Total |     272 |     296 |  52.1 |      62 |      12 |  16.2
            +---------+---------+-------+---------+---------+-------
        D:1 |       8 |       0 |   0.0 |       7 |       0 |   0.0
        D:2 |      39 |       0 |   0.0 |      17 |       0 |   0.0
        D:3 |      74 |       2 |   2.6 |      18 |       1 |   5.3
        D:4 |      87 |     166 |  65.6 |      17 |       7 |  29.2
        D:5 |      64 |     128 |  66.7 |       3 |       4 |  57.1
            +---------+---------+-------+---------+---------+-------

Illustrated notes

Table legend:
 A = Kills in this place as a percentage of kills in entire the game.
 B = Kills by you in this place as a percentage of kills by you in the entire game.
 C = Kills by friends in this place as a percentage of kills by friends in the entire game.
 D = Other kills in this place as a percentage of other kills in the entire game.
 E = Experience gained in this place as a percentage of experience gained in the entire game.
 F = Experience gained in this place divided by the number of levels of this place that you have seen.
                   A       B       C       D       E      F
               +-------+-------+-------+-------+-------+----------------------
         Total | 100.0 | 100.0 |   N/A |   N/A | 100.0 | 113.6
       Dungeon | 100.0 | 100.0 |   N/A |   N/A | 100.0 | 113.6
               +-------+-------+-------+-------+-------+----------------------

Table legend: (Time is in decaauts)
 A = Elapsed time spent in this place.
 B = Non-inter-level travel time spent in this place.
 C = Inter-level travel time spent in this place.
 D = Time resting spent in this place.
 E = Time spent auto-exploring this place.
 F = Levels seen in this place.
 G = Mean time per level.
                   A        B        C        D        E       F      G
               +--------+--------+--------+--------+--------+-----+--------+
         Total |   3915 |   3782 |    133 |    118 |   3040 |   5 |  783.0 |
       Dungeon |   3915 |   3782 |    133 |    118 |   3040 |   5 |  783.0 |
               +--------+--------+--------+--------+--------+-----+--------+

Top non-repeatable levels by time:
     D:4: 1242 daAuts
     D:3: 1063 daAuts
     D:1: 669 daAuts
     D:2: 578 daAuts
     D:5: 361 daAuts
